 Dungeon Crawl Stone Soup version 0.23.0-3-gf3c87f2 (webtiles) character file.

Game seed: 3147039084098188098

61 Impy the Poker (level 3, 0/27 HPs)
             Began as a Demonspawn Gladiator on Feb 20, 2019.
             Killed from afar by Ijyb (8 damage)
             ... with a wand of acid (10)
             ... on level 3 of the Dungeon.
             The game lasted 00:05:52 (1976 turns).

Impy the Poker (Demonspawn Gladiator)               Turns: 1976, Time: 00:05:53

Health: 0/27       AC:  5    Str: 14    XL:     3   Next: 83%
Magic:  3/3        EV: 13    Int: 10    God:
Gold:   123        SH:  0    Dex: 14    Spells: 2/2 levels left

rFire    . . .     SeeInvis .   a - +0 trident
rCold    . . .     Gourm    .   (no shield)
rNeg     . . .     Faith    .   b - +0 leather armour
rPois    .         Spirit   .   c - +1 helmet
rElec    .         Reflect  .   (no cloak)
rCorr    .         Harm     .   (no gloves)
MR       .....                  (no boots)
Stlth    +.........             (no amulet)
HPRegen  0.09/turn              (no ring)
MPRegen  0.08/turn              (no ring)

@: no status effects
A: hooves 1, demonic guardian 1
a: no special abilities


You were on level 3 of the Dungeon.
You were hungry.

You visited 1 branch of the dungeon, and saw 3 of its levels.

You collected 123 gold pieces.

Inventory:

Hand Weapons
 a - a +0 trident (weapon)
Armour
 b - a +0 leather armour (worn)
 c - a +1 helmet (worn)
Scrolls
 g - a scroll of remove curse {unknown}
 h - 6 scrolls of identify
Potions
 e - 2 potions of haste
 i - a potion of flight {unknown}
 j - a potion of brilliance {unknown}
Comestibles
 f - 3 rations
 l - a chunk of flesh


   Skills:
 - Level 2.0 Fighting
 + Level 3.6 Polearms
 - Level 1.7 Throwing
 + Level 3.6 Dodging


You had 2 spell levels left.
You didn't know any spells.
Your spell library was empty.

Dungeon Overview and Level Annotations

Branches:
Dungeon (3/15)

Altars:
Dithmenos
Fedhas

Annotations:
D:3 Ijyb


Innate Abilities, Weirdness & Mutations

You have large cloven feet.
A weak demonic guardian rushes to your aid.


Message History

Found 23 arrows.
It was a potion of curing.
You feel better.
Throwing (i - inventory)
d - a throwing net (quivered)
Press: ? - help, Shift-Dir - straight line, f - Ijyb
Aim: Ijyb, wielding a +0 dagger, wearing a cursed +0 scale mail and carrying a wand of acid (11)
You throw a throwing net. The throwing net barely misses Ijyb.
Ijyb zaps a wand.
The bolt of acid hits you!
You are splashed with acid!
Ouch! That really hurt!
* * * LOW HITPOINT WARNING * * *
Okay, then.
You feel better.
Your white imp gestures at Ijyb.
The puff of frost hits Ijyb but does no damage.
Ijyb drinks a potion.
Ijyb seems to grow stronger.
Your white imp barely misses Ijyb.
Your white imp hits Ijyb but does no damage.
You are feeling hungry.
Ijyb screams, "I no like you!"
Ijyb zaps a wand.
The bolt of acid hits you!
You die...

## ##$..#(.... #.# ....(...
. #.# ...#.##.. #.#
#........ #.###..#.#
##g5.....# ##.###..### #.#
##.## #..# #.# #@##
#.)#####.# #########.##
#...<....# #......###
#.######.# #.####.#
######.# #...## #.# #.#
#......####.#..##
#.####.####......##........
#.##..............#.####.##
#......####.........##.....
####.### #.......#.#......


You could see Ijyb and a friendly white imp.

Vanquished Creatures
  2 adders (D:2)
  3 worms
  A dart slug (D:1)
  A leopard gecko (D:1)
  2 ball pythons
  A bat (D:1)
  2 goblins (D:1)
  4 hobgoblins
  4 jackals (D:1)
  A quokka (D:3)
  2 frilled lizards (D:1)
  3 kobolds (D:1)
  6 rats
32 creatures vanquished.

Notes
Turn   | Place    | Note
-------+----------+-------------------------------------------
     0 | D:1      | Impy the Demonspawn Gladiator began the quest for the Orb.
     0 | D:1      | Reached XP level 1. HP: 16/16 MP: 1/1
   214 | D:1      | Gained mutation: A weak demonic guardian rushes to your
                  | aid. [demonic ancestry]
   214 | D:1      | Reached XP level 2. HP: 16/22 MP: 2/2
  1084 | D:2      | Gained mutation: You have large cloven feet. [demonic
                  | ancestry]
  1084 | D:2      | Reached XP level 3. HP: 25/27 MP: 3/3
  1138 | D:2      | Found a blossoming altar of Fedhas.
  1334 | D:2      | Found a shadowy altar of Dithmenos.
  1834 | D:3      | Found a shadowy altar of Dithmenos.
  1966 | D:3      | Noticed Ijyb
  1969 | D:3      | HP: 1/27 [acid (15)]
  1976 | D:3      | Killed from afar by Ijyb

Skill      XL: |  1 |
---------------+----+-----
Polearms       | 3 |  3.6
Dodging        | 3 |  3.6
Fighting       | |  2.0
Throwing       | |  1.7

Action                   || total
-------------------------++-------
Melee: Trident           ||   124
       Kick              ||    14
Throw: Throwing net      ||    13
  Use: Scroll            ||     3
       Potion            ||     2
 Stab: Sleeping          ||     1
       Held in net/web   ||     1
  Eat: Chunk             ||     3
Armor: Leather armour    ||    23
Dodge: Dodged            ||    62
